 Dungeon Crawl Stone Soup version 0.23.2-1-ga50397a (webtiles) character file.

Game seed: 16128385926490718163

189 Borgoz the Skirmisher (level 5, -9/33 HPs)
             Began as a Gargoyle Gladiator on May 15, 2019.
             Killed by divine providence
             ... invoked by an orc priest
              (12 damage)
             ... on level 4 of the Dungeon.
             The game lasted 00:04:05 (2498 turns).

Borgoz the Skirmisher (Gargoyle Gladiator)          Turns: 2498, Time: 00:04:06

Health: -9/33      AC: 11    Str: 18    XL:     5   Next: 68%
Magic:  5/5        EV: 11    Int:  8    God:
Gold:   199        SH:  0    Dex: 12    Spells: 4/4 levels left

rFire    . . .     SeeInvis .   a - +0 long sword
rCold    . . .     Gourm    .   (no shield)
rNeg     + . .     Faith    .   p - +0 scale mail
rPois    ∞         Spirit   .   c - +0 helmet
rElec    +         Reflect  .   (no cloak)
rCorr    .         Harm     .   (no gloves)
MR       .....                  (no boots)
Stlth    ..........             (no amulet)
HPRegen  0.11/turn              e - ring of flight
MPRegen  0.09/turn              (no ring)

@: hasted, very quick
A: negative energy resistance 1, electricity resistance, unbreathing,
petrification resistance, rot immunity, AC +4
a: Evoke Flight


You were on level 4 of the Dungeon.
You were not hungry.

You visited 1 branch of the dungeon, and saw 4 of its levels.

You collected 199 gold pieces.

Inventory:

Hand Weapons
 a - a +0 long sword (weapon)
Missiles
 d - 3 throwing nets (quivered)
Armour
 c - a +0 helmet (worn)
 p - a +0 scale mail (worn)
Jewellery
 e - a ring of flight (left hand)
Scrolls
 b - 2 scrolls of enchant armour {unknown}
 h - 3 scrolls of identify
 i - 2 scrolls of magic mapping
 j - a scroll of noise {unknown}
 k - a scroll of blinking {unknown}
 m - a scroll of fog {unknown}
 q - a scroll of teleportation {unknown}
 r - a scroll of amnesia {unknown}
 s - a scroll of fear {unknown}
 t - a scroll of remove curse {unknown}
Potions
 l - a potion of lignification
 n - a potion of resistance
 o - 2 potions of brilliance
 w - a potion of magic
Comestibles
 f - 5 rations
 u - 4 chunks of flesh


   Skills:
 * Level 3.7 Fighting
 * Level 3.5 Long Blades
 - Level 1.7 Throwing
 * Level 2.5 Armour
 * Level 3.2 Dodging


You had 4 spell levels left.
You didn't know any spells.
Your spell library was empty.

Dungeon Overview and Level Annotations

Branches:
Dungeon (4/15)
 Temple: D:4-7

Altars:
Makhleb

Annotations:
D:2 Sigmund


Innate Abilities, Weirdness & Mutations

You are resistant to torment.
Your stone body is resilient. (AC +4)
You are immune to poison.
You resist negative energy. (rN+)
You are resistant to electric shocks. (rElec)
You can survive without breathing.
You are immune to petrification.
You are immune to rotting.


Message History

The orc priest looks satisfied for a moment.
The iguana hisses menacingly.
The orc priest closely misses you.
You riposte.
You hit the orc priest but do no damage.
It was a potion of magic.
Magic courses through your body.
You slash the orc priest!
The orc priest is heavily wounded.
The orc priest hits you but does no damage.
You barely miss the orc priest.
The orc priest is heavily wounded.
You hit the orc priest.
The orc priest is heavily wounded.
The orc priest calls down the wrath of Beogh upon you.
Pain shoots through your body!
* * * LOW HITPOINT WARNING * * *
You slash the orc priest!
You kill the orc priest!
The orc priest invokes the aid of Beogh against you.
Beogh smites you!
You die...

#. #....##....^#
##
#.....##....###..#
#.##<...#........#
#.##..#####.....##
#.##.)...#....#.#
#.#...##......# #
#.##...#......#
#..........#.##
#@#........#.#
#)####.....#.#
#o####....)...
#.#lo...........
#.So......#..#
#....o...##..
#..........#
#..#...........
...##........[.#


You could see an iguana, an orc priest, an adder and 2 orcs.

Vanquished Creatures
  An orc priest (D:4)
  An iguana (D:4)
  A worker ant (D:4)
  4 adders
  An ooze (D:4)
  2 dart slugs
  A leopard gecko (D:2)
  5 orcs (D:4)
  3 ball pythons (D:1)
  3 giant cockroaches
  4 goblins
  6 hobgoblins
  6 jackals (D:3)
  2 quokkas (D:3)
  4 bats
  A frilled lizard (D:1)
  A jackal skeleton (D:4)
  6 kobolds
  3 rats
55 creatures vanquished.

Notes
Turn   | Place    | Note
-------+----------+-------------------------------------------
     0 | D:1      | Borgoz the Gargoyle Gladiator began the quest for the Orb.
     0 | D:1      | Reached XP level 1. HP: 12/12 MP: 1/1
   193 | D:1      | Reached XP level 2. HP: 18/18 MP: 2/2
   473 | D:1      | Reached skill level 1 in Armour
   710 | D:2      | Reached XP level 3. HP: 7/22 MP: 3/3
   779 | D:2      | Noticed an ogre
  1245 | D:2      | Noticed Sigmund
  1549 | D:3      | Reached XP level 4. HP: 17/28 MP: 4/4
  2296 | D:4      | Found a burning altar of Makhleb.
  2317 | D:4      | Reached XP level 5. HP: 23/32 MP: 5/5
  2498 | D:4      | Killed from afar by an orc priest

Skill      XL: |  1  2  3  4 |
---------------+-------------+-----
Armour         | 1 2 |  2.5
Long Blades    | 3 |  3.5
Fighting       | 3 |  3.7
Dodging        | 3 |  3.2
Throwing       | |  1.7

Action                   |  1- 3 |  4- 6 || total
-------------------------+-------+-------++-------
Melee: Long sword        |    92 |    88 ||   180
  Use: Potion            |     3 |     3 ||     6
       Scroll            |     4 |       ||     4
 Stab: Invisible         |     1 |       ||     1
  Eat: Chunk             |     2 |     3 ||     5
Armor: Leather armour    |    45 |       ||    45
       Scale mail        |    18 |    57 ||    75
Dodge: Dodged            |    96 |    53 ||   149
       Rpst.: Long sword |    25 |    19 ||    44
